 Dungeon Crawl Stone Soup version 0.27-a0-1501-g9d6fb14e67 (webtiles) character file.

Game seed: 2349317401348731377

107 Kinoniko the Chopper (level 4, -1/38 HPs)
             Began as a Ghoul Gladiator on July 8, 2021.
             Slain by a gnoll (5 damage)
             ... on level 2 of the Dungeon.
             The game lasted 00:01:59 (1635 turns).

Kinoniko the Chopper (Ghoul Gladiator)              Turns: 1635, Time: 00:01:59

Health: -1/38      AC:  7    Str: 18    XL:     4   Next: 85%
Magic:  3/3        EV: 10    Int:  3    God:
Gold:   85         SH:  0    Dex: 10    Spells: 3/3 levels left

rFire    . . .     SeeInvis .   a - +0 war axe
rCold    + . .     Faith    .   (no shield)
rNeg     + + +     Spirit   .   j - +0 scale mail
rPois    ∞         Reflect  .   c - +0 helmet
rElec    .         Harm     .   (no cloak)
rCorr    .         Rampage  .   (no gloves)
Will     .....                  (no boots)
Stlth    ..........             (no amulet)
HPRegen  0.00/turn              (no ring)
MPRegen  0.08/turn              (no ring)

@: attractive
A: claws 1, cold resistance 1, negative energy resistance 3, inhibited
regeneration, torment resistance 2
a: no special abilities


You were on level 2 of the Dungeon.
You visited 1 branch of the dungeon, and saw 3 of its levels.

You collected 85 gold pieces.

Inventory:

Hand Weapons
 a - a +0 war axe (weapon)
Missiles
 d - 3 throwing nets (quivered)
Armour
 b - a +0 leather armour
 c - a +0 helmet (worn)
 f - a +0 plate armour
 j - a +0 scale mail (worn)
Jewellery
 g - a ring of fire
Scrolls
 h - a scroll of enchant armour {unknown}
 i - a scroll of teleportation {unknown}
 k - a scroll of fear {unknown}
 m - a scroll of fog {unknown}


   Skills:
 + Level 3.5 Fighting
 * Level 4.3 Axes
 - Level 1.7 Throwing
 - Level 2.6 Dodging


You had 3 spell levels left.
You didn't know any spells.
Your spell library contained the following spells:

 Spells                   Type           Power      Damage    Failure   Level
 Gell's Gravitas          Tloc           0%         N/A       99%         3
 Lesser Beckoning         Tloc           0%         N/A       99%         3
 Teleport Other           Tloc           0%         N/A       99%         3
 Petrify                  Tmut/Erth      0%         N/A       100%        4
 Irradiate                Conj/Tmut      0%         3d13      100%        5
 Sublimation of Blood     Necr           Unusable   N/A       N/A         2

Dungeon Overview and Level Annotations

Branches:
Dungeon (3/15)

Altars:

Shops:
D:1 :

Annotations:
D:2 1 runed translucent door, Crazy Yiuf


Innate Abilities, Weirdness & Mutations

You thrive by killing the living.
You are immune to poison.
You have sharp fingernails.
Your flesh is cold resistant. (rC+)
You are immune to negative energy. (rN+++)
You do not regenerate when monsters are visible.
You are immune to unholy pain and torment.


Message History

The gnoll hits you but does no damage.
There is a stone staircase leading up here.
Unknown command.
The gnoll hits you but does no damage. The gnoll closely misses you.
You climb upwards.
Level annotation: 1 runed translucent door, Crazy Yiuf
There is a stone staircase leading down here.
Unknown command.
You slash the gnoll!
The gnoll is almost dead.
You closely miss the gnoll. The gnoll hits you but does no damage.
The gnoll hits you with a +0 flail.
You closely miss the gnoll.
The gnoll is almost dead.
You closely miss the gnoll. The gnoll closely misses you.
The gnoll hits you with a +0 flail!
Unknown command.
You are too injured to fight recklessly!
Unknown command.
You are too injured to fight recklessly!
You are too injured to fight recklessly!
Unknown command.
You are too injured to fight recklessly!
You are too injured to fight recklessly!
You closely miss the gnoll.
The gnoll is almost dead.
You closely miss the gnoll. The gnoll closely misses you.
The gnoll hits you with a +0 flail!
* * * LOW HITPOINT WARNING * * *
The gnoll hits you with a +0 club.
* * * LOW HITPOINT WARNING * * *
The gnoll closely misses you.
It was a potion of curing.
You feel better. The gnoll hits you with a +0 club.
* * * LOW HITPOINT WARNING * * *
The gnoll hits you with a +0 flail.
* * * LOW HITPOINT WARNING * * *
It was a potion of attraction.
You feel attractive to monsters. The gnoll hits you but does no damage.
The gnoll hits you with a +0 flail.
You die...

##..#..# #.......
#.###### #.......
######### ########
#######<......# #
###.......#####.# #####
##...#############
#)..# # ######..###
##.g@[....# #...# #
........# #.[g.)###.#
... # ........###
#.#...##..# #+# #
..........###.#...##.##
#.## #
........#..##.#...##.#
##.# #
........##.##.#...##.##
#.## #
##########....#...##..#
##.# # ###..#..<##..#
##.## # ##...)##...#
##.P.# #


You could see 2 gnolls.

Vanquished Creatures
  An iguana (D:2)
  2 adders (D:2)
  A gnoll (D:2)
  2 dart slugs
  3 orcs (D:2)
  2 ball pythons
  4 endoplasms
  A giant cockroach (D:1)
  10 goblins
  3 hobgoblins
  2 jackals (D:2)
  4 kobolds
  A quokka (D:1)
  A bat (D:1)
  4 frilled lizards (D:1)
  5 rats
46 creatures vanquished.

Notes
Turn   | Place    | Note
-------+----------+-------------------------------------------
     0 | D:1      | Kinoniko the Ghoul Gladiator began the quest for the Orb.
     0 | D:1      | Reached XP level 1. HP: 17/17 MP: 0/0
    68 | D:1      | Reached skill level 3 in Axes
    68 | D:1      | Reached XP level 2. HP: 21/25 MP: 1/1
   134 | D:1      | Found a faded altar of an unknown god.
   388 | D:1      | Found Wyfakepp's Book Shoppe.
   510 | D:1      | Reached XP level 3. HP: 30/30 MP: 2/2
   892 | D:2      | Reached XP level 4. HP: 37/38 MP: 3/3
   943 | D:2      | Reached skill level 4 in Axes
  1267 | D:2      | Found a runed translucent door.
  1268 | D:2      | Noticed Crazy Yiuf
  1635 | D:2      | Slain by a gnoll

Illustrated notes

Levels and vault maps discovered:
D:1:      lemuel_arrival_behind_the_door_large, layout_basic,
          basic_ecumenical_altar, serial_shops, shop, st_stairs_9
D:2:      layout_rooms, columned_hall_lemuel, uniq_crazy_yiuf_cottage
D:3:      layout_rooms, serial_shops,
          nicolae_shop_temple_entry_statues_fountains, minmay_bisected

Skill      XL: |  1  2  3  4 |
---------------+-------------+-----
Axes           | 3 4 |  4.3
Fighting       | 3 |  3.5
Throwing       | |  1.7
Dodging        | |  2.6

Action                   |  1- 3 |  4- 6 || total
-------------------------+-------+-------++-------
Melee: War axe           |    77 |    69 ||   146
  Use: Potion            |       |     2 ||     2
Armor: Leather armour    |    16 |       ||    16
       Plate armour      |     8 |       ||     8
       Scale mail        |     4 |    35 ||    39
Dodge: Dodged            |    54 |    44 ||    98

Table legend: (Time is in decaauts)
 A = Elapsed time spent in this place.
 B = Non-inter-level travel time spent in this place.
 C = Inter-level travel time spent in this place.
 D = Time resting spent in this place.
 E = Time spent auto-exploring this place.
 F = Levels seen in this place.
 G = Mean time per level.
                   A        B        C        D        E       F      G
               +--------+--------+--------+--------+--------+-----+--------+
         Total |   1686 |   1632 |     54 |    432 |    830 |   3 |  562.0 |
       Dungeon |   1686 |   1632 |     54 |    432 |    830 |   3 |  562.0 |
               +--------+--------+--------+--------+--------+-----+--------+

Top non-repeatable levels by time:
     D:2: 920 daAuts
     D:1: 756 daAuts
     D:3: 9 daAuts
